Map: New Repugnancy LE

Players

Mez

  • Race: Terran Terran
  • League: Master
  • Spawn Location: 1:00

Liberty - Winner!

  • Race: Terran Terran
  • League: Master
  • Spawn Location: 7:00

VOD

Have the link to the VOD?

Description

Time

  • Played on: Aug. 5, 2019, 7:31 a.m.
  • Length: 5:44
Show
View Real Time Build Order
Export as new Build Order

Mez Terran 

Build Orders: Liberator Opening 

Get SALT Encoding   

  12  0:00  SCV  
  13  0:13  SCV  
  14  0:18  Supply Depot  
  14  0:25  SCV  
  15  0:29  Refinery  
  15  0:39  SCV  
  16  0:45  Barracks  
  16  0:51  SCV  
  17  1:04  SCV  
  18  1:16  SCV  
  19  1:33  Reaper  
  19  1:34  Orbital Command  
  20  1:49  Bunker  
  20  1:50  Bunker  
  20  1:54  Factory  
  20  2:00  SCV  
  21  2:02  Supply Depot  
  21  2:07  Reaper  
  20  2:42  Hellion  
  23  2:47  SCV  
  23  2:52  Refinery  
  23  2:54  Reaper  
  24  3:00  SCV  
  24  3:04  Starport  
  24  3:05  Hellion  
  27  3:12  SCV  
  28  3:24  SCV  
  29  3:29  Hellion  
  31  3:39  Supply Depot  
  31  3:44  Liberator  
  31  3:46  Barracks Reactor  
  31  3:55  Factory Tech Lab  
  31  4:01  SCV  
  31  4:02  Command Center  
  35  4:12  Supply Depot  
  35  4:13  SCV  
  36  4:19  Cyclone  
  39  4:31  SCV  
  35  4:44  SCV  
  25  4:54  Siege Tank  
  25  4:56  SCV  
  22  5:10  SCV  
  15  5:22  SCV  
Show
View Real Time Build Order
Export as new Build Order

Liberty Terran - Winner!

Build Orders:  

Get SALT Encoding   

  12  0:00  SCV  
  13  0:13  SCV  
  14  0:19  Supply Depot  
  15  0:41  Barracks  
  14  0:46  Refinery  
  15  0:55  Barracks  
  14  0:58  SCV  
  15  1:11  SCV  
  16  1:23  SCV  
  17  1:30  Reaper  
  18  1:37  Orbital Command  
  18  1:46  Reaper, Refinery  
  19  1:55  Supply Depot  
  19  2:04  SCV  
  19  2:06  Reaper  
  21  2:16  SCV  
  21  2:21  Reaper  
  23  2:28  SCV  
  23  2:38  Reaper  
  23  2:42  SCV  
  25  2:49  Factory  
  25  2:55  Reaper, SCV, Supply Depot  
  27  3:07  SCV  
  28  3:16  Command Center  
  28  3:19  SCV  
  29  3:32  SCV  
  30  3:35  Factory Tech Lab  
  30  3:36  Starport  
  30  3:50  SCV  
  30  3:54  Supply Depot  
  31  4:00  Cyclone  
  34  4:09  SCV  
  35  4:12  Starport Tech Lab  
  35  4:23  SCV  
  36  4:32  Cyclone  
  36  4:33  Orbital Command  
  39  4:40  SCV  
  40  4:46  Barracks Reactor  
  39  5:09  SCV x2  
  39  5:28  SCV  
Tags
 
Add a new tag
Caveats
  • Supply blocks, unpowered buildings, or Contaminate may cause inaccurate times.
  • Supply counts are checked every 10 seconds.